 Dungeon Crawl Stone Soup version 0.20.1-1-g8b1a95d (webtiles) character file.

19541 trancid the Basher (level 12, -1/77 HPs)
             Began as a Gargoyle Monk on July 30, 2017.
             Was a Believer of Qazlal.
             Killed from afar by a jumping spider (24 damage)
             ... with an exploding inner flame
             ... hexed by the player character
             ... on level 1 of the Spider Nest.
             The game lasted 01:13:57 (9475 turns).

trancid the Basher (Gargoyle Monk)                  Turns: 9475, Time: 01:14:02

Health: -1/77      AC: 26    Str: 24    XL:     12   Next: 70%
Magic:  0/15       EV: 16    Int: 11    God:    Qazlal [**....]
Gold:   368        SH: 12    Dex: 18    Spells: 11/11 levels left

rFire    . . .     SeeInvis .   v - +4 flail (freeze)
rCold    + . .     Gourm    .   m - +2 buckler {AC+3}
rNeg     + . .     Faith    .   c - +2 chain mail {rC+}
rPois    ∞         Spirit   +   (no helmet)
rElec    +         Reflect  .   (no cloak)
rCorr    .         Harm     .   i - +0 pair of gloves
MR       .....                  (no boots)
Stlth    +.........             j - amulet of guardian spirit
Regen    0.3/turn               f - ring of flight
MPRegen  0.2/turn               s - +5 ring of slaying

@: mighty, agile, very slightly contaminated
A: negative energy resistance 1, electricity resistance, unbreathing,
petrification resistance, rot immunity, AC +8
a: Upheaval, Renounce Religion, Evoke Flight


You were on level 1 of the Spider Nest.
You worshipped Qazlal.
Qazlal was pleased with you.
You were full.

You visited 3 branches of the dungeon, and saw 14 of its levels.
You also visited: Labyrinth.

You collected 473 gold pieces.
You spent 105 gold pieces at shops.

Inventory:

Hand Weapons
 e - a +0 glaive
 v - a +4 flail of freezing (weapon)
Armour
 c - a +2 chain mail of cold resistance (worn)
 i - a +0 pair of gloves (worn)
 l - a +0 shield
 m - a +2 buckler of protection (worn)
Magical Staves
 q - an uncursed staff of poison {unknown}
Jewellery
 f - a ring of flight (left hand)
 j - an amulet of guardian spirit (around neck)
 r - a +6 amulet of reflection {unknown}
 s - a +5 ring of slaying (right hand)
 C - an uncursed amulet of guardian spirit
 H - a cursed ring of loudness
Wands
 b - a wand of iceblast (6/15)
 n - a wand of flame (7/48)
 o - a wand of flame (48/48)
 t - a wand of random effects (28/48)
 y - a wand of iceblast (4/15)
 K - a wand of digging (6/24)
Scrolls
 d - 2 scrolls of magic mapping
 k - 2 scrolls of amnesia
 w - 5 scrolls of remove curse
 x - 3 scrolls of identify
Potions
 E - a potion of ambrosia {unknown}
Books
 p - a book of Maledictions

   Spells                             Type                      Level
   a - Corona                         Hexes                        1
   b - Ensorcelled Hibernation        Hexes/Ice                    2
   c - Confuse                        Hexes                        3
   d - Tukima's Dance                 Hexes                        3
   e - Dazzling Spray                 Conjuration/Hexes            3
 u - a book of Conjurations

   Spells                             Type                      Level
   a - Magic Dart                     Conjuration                  1
   b - Searing Ray                    Conjuration                  2
   c - Dazzling Spray                 Conjuration/Hexes            3
   d - Fulminant Prism                Conjuration/Hexes            4
   e - Force Lance                    Conjuration/Translocation    4
   f - Iskenderun's Mystic Blast      Conjuration                  4
 z - a book of Necromancy

   Spells                             Type                      Level
   a - Pain                           Necromancy                   1
   b - Animate Skeleton               Necromancy                   1
   c - Vampiric Draining              Necromancy                   3
   d - Regeneration                   Charms/Necromancy            3
   e - Animate Dead                   Necromancy                   4
   f - Control Undead                 Necromancy                   4
 J - a book of Dreams

   Spells                             Type                      Level
   a - Ensorcelled Hibernation        Hexes/Ice                    2
   b - Silence                        Hexes/Air                    5
   c - Darkness                       Hexes                        6
   d - Shadow Creatures               Summoning                    6
Comestibles
 g - 3 fruits
 h - a meat ration
 A - 3 royal jellies
 B - a bread ration


   Skills:
 + Level 9.9 Fighting
 + Level 13.3 Maces & Flails
 + Level 8.3 Armour
 + Level 4.6 Dodging
 + Level 3.5 Stealth
 + Level 9.4 Shields
 + Level 4.8 Invocations


You had 11 spell levels left.
You didn't know any spells.

Dungeon Overview and Level Annotations

Branches:
Dungeon (10/15)            Temple (0/1) D:5            Lair (3/6) D:10
 Spider (1/4) Lair:3
  Swamp: Lair:2-4    Shoals: Lair:2-4       Orc: D:9-12

Altars:
Okawaru
Qazlal
Trog
Uskayaw

Shops:
D:9 !

Annotations:
D:10 Harold, Nergalle


Innate Abilities, Weirdness & Mutations

You are resistant to torment.
Your stone body is resilient. (AC +8)
You are immune to poison.
You resist negative energy. (rN+)
You are resistant to electric shocks. (rElec)
You can survive without breathing.
You are immune to petrification.
You are immune to rotting.


Message History

As you read the scroll of immolation, it crumbles to dust.
The creatures around you are filled with an inner flame!
The jumping spider leaps!
You block the wolf spider's attack. x2
The jumping spider pounces on you but does no damage.
The jumping spider closely misses you.
The redback bites you but does no damage.
You sock the wolf spider! You freeze the wolf spider.
The wolf spider is heavily wounded.
You block the wolf spider's attack. The wolf spider closely misses you.
You block the jumping spider's attack.
The jumping spider bites you but does no damage.
You block the redback's attack.
You bludgeon the wolf spider!! You freeze the wolf spider.
The wolf spider explodes!
The fiery explosion engulfs the redback.
The redback is severely wounded.
The fiery explosion engulfs the jumping spider.
The jumping spider explodes!
The fiery explosion engulfs you!
You die...

#####.## ##.##### #
####......#####......###.#
##..<........##.........#.#
#...................^.....#
............†.............#
..#.###....>##............#
.... #####.##............#
.... #.##.....†......# ###.
#..#.§@§........### ..
#.....s§§s..†......# ..
...##..§ss§......#..# . #
##............###
#.#.........##
...##..s......### ...
##..§.....s.# ....
##....#.##.. ....###†.s###
##


You could see a demonic crawler (inner flame), an orb spider, a jumping spider
(inner flame), a tarantella (inner flame) and a redback (inner flame).

Vanquished Creatures
  A minotaur (Lab)
  Erolcha (D:10)
  A hydra (Lair:3)
  3 two-headed ogres
  2 wolf spiders (Spider:1)
  A black mamba (Lair:2)
  A torpor snail (Lair:3)
  4 spiny frogs
  2 komodo dragons (Lair:2)
  A jumping spider (Spider:1)
  2 hornets
  Prince Ribbit (Lair:2)
  9 blink frogs
  3 hippogriffs
  A tarantella (Spider:1)
  A redback (Spider:1)
  27 yaks
  The ghost of saplok the Chopper, an amateur HOMo (D:3)
  A steam dragon (Lair:2)
  A hungry ghost (D:8)
  2 porcupines
  4 water moccasins
  4 orc warriors
  A sky beast (D:5)
  2 black bears (D:10)
  An eye of draining (D:8)
  4 ogres
  4 centaurs
  5 crocodiles
  8 bullfrogs
  6 scorpions
  A water moccasin skeleton (D:10)
  3 killer bees
  3 vampire bats (Lair:2)
  3 wights (D:8)
  A howler monkey (D:5)
  2 crimson imps
  2 centaur zombies
  2 jellies (D:7)
  A quasit (D:10)
  3 hounds
  3 orc priests
  2 orc wizards (D:8)
  2 bullfrog skeletons
  A gnoll shaman (D:7)
  A centaur skeleton (D:7)
  6 worker ants
  A hound skeleton (D:8)
  3 gnolls (D:7)
  10 adders
  A shadow imp (D:8)
  2 oozes (D:4)
  2 adder zombies
  4 worms
  A dart slug (D:3)
  6 leopard geckos
  17 orcs
  10 giant cockroaches
  7 hobgoblins
  10 kobolds
  A quokka (D:5)
  7 bats
  6 frilled lizards
  5 goblins
  A jackal skeleton (D:7)
  A leopard gecko zombie (D:9)
  3 rats
  A fungus (Lair:2)
240 creatures vanquished.

Vanquished Creatures (others)
  3 fungi
  4 plants (D:10)
7 creatures vanquished.

Grand Total: 247 creatures vanquished

Notes
Turn   | Place    | Note
-------+----------+-------------------------------------------
     0 | D:1      | trancid the Gargoyle Monk began the quest for the Orb.
     0 | D:1      | Reached XP level 1. HP: 14/14 MP: 1/1
   345 | D:1      | Reached XP level 2. HP: 16/19 MP: 2/2
  1026 | D:1      | Reached XP level 3. HP: 20/23 MP: 3/3
  1672 | D:2      | Found a hide-covered altar of Uskayaw.
  1957 | D:2      | Reached XP level 4. HP: 25/29 MP: 4/4
  2014 | D:3      | Noticed saplok's ghost (amateur HOMo)
  2029 | D:3      | Killed saplok's ghost
  2029 | D:3      | Reached skill level 4 in Maces & Flails
  2029 | D:3      | Reached skill level 1 in Armour
  2029 | D:3      | Reached XP level 5. HP: 17/33 MP: 5/5
  2220 | D:3      | Reached XP level 6. HP: 23/39 MP: 6/6
  2332 | D:3      | Found a stormy altar of Qazlal.
  2338 | D:3      | Became a worshipper of Qazlal Stormbringer
  2338 | D:3      | Reached * piety under Qazlal
  2338 | D:3      | Reached ** piety under Qazlal
  2406 | D:4      | Reached skill level 5 in Maces & Flails
  2504 | D:4      | Reached XP level 7. HP: 20/44 MP: 7/7
  2827 | D:4      | Reached skill level 5 in Fighting
  2943 | D:4      | Reached skill level 1 in Shields
  3086 | D:5      | Entered Level 5 of the Dungeon
  3201 | D:5      | Reached skill level 6 in Maces & Flails
  3202 | D:5      | Found a staircase to the Ecumenical Temple.
  3565 | D:5      | Reached XP level 8. HP: 48/49 MP: 8/8
  3902 | D:6      | Reached skill level 1 in Invocations
  3928 | D:6      | Noticed a yak
  3929 | D:6      | Noticed a yak
  3929 | D:6      | Noticed a yak
  3929 | D:6      | Noticed a yak
  3930 | D:6      | Noticed a yak
  3930 | D:6      | Noticed a yak
  3936 | D:6      | Killed a yak
  3996 | D:6      | Killed a yak
  3997 | D:6      | Killed a yak
  3997 | D:6      | Reached skill level 7 in Maces & Flails
  4000 | D:6      | Killed a yak
  4007 | D:6      | Killed a yak
  4007 | D:6      | Reached XP level 9. HP: 46/55 MP: 7/10
  4454 | D:7      | Reached skill level 8 in Maces & Flails
  4569 | D:7      | Reached skill level 5 in Shields
  4799 | D:8      | Reached skill level 5 in Armour
  5077 | D:8      | Reached skill level 9 in Maces & Flails
  5086 | D:8      | Noticed a two-headed ogre
  5101 | D:8      | Killed a two-headed ogre
  5101 | D:8      | Reached XP level 10. HP: 29/63 MP: 3/12
  5357 | D:9      | Found Hirrav's Distillery.
  5366 | D:9      | Bought a potion of curing for 45 gold pieces
  5366 | D:9      | Bought a potion of might for 60 gold pieces
  5450 | D:9      | Noticed a two-headed ogre
  5460 | D:9      | Killed a two-headed ogre
  5460 | D:9      | Reached skill level 10 in Maces & Flails
  5580 | D:9      | Noticed a two-headed ogre
  5597 | D:9      | Killed a two-headed ogre
  6133 | D:9      | Found an iron altar of Okawaru.
  6133 | D:9      | Found a bloodstained altar of Trog.
  6179 | D:10     | Entered Level 10 of the Dungeon
  6229 | D:10     | Noticed Nergalle
  6245 | D:10     | Noticed Harold
  6253 | D:10     | Noticed Erolcha
  6269 | D:10     | Killed Erolcha
  6269 | D:10     | Reached skill level 11 in Maces & Flails
  6269 | D:10     | Reached XP level 11. HP: 39/69 MP: 3/13
  6442 | D:10     | Found a staircase to the Lair.
  6536 | Lair:1   | Entered Level 1 of the Lair of Beasts
  6617 | Lair:1   | Found a labyrinth entrance.
  6631 | Lab      | Entered a labyrinth
  7752 | Lab      | Noticed a minotaur
  7763 | Lab      | Killed a minotaur
  7808 | Lair:2   | Reached skill level 12 in Maces & Flails
  8207 | Lair:2   | Noticed Prince Ribbit
  8230 | Lair:2   | Reached XP level 12. HP: 71/76 MP: 13/15
  8233 | Lair:2   | Killed Prince Ribbit
  8522 | Lair:3   | Found a runed door.
  8534 | Lair:3   | Noticed a four-headed hydra
  8543 | Lair:3   | Killed a four-headed hydra
  8961 | Lair:3   | Reached skill level 13 in Maces & Flails
  9258 | Lair:3   | Found a hole to the Spider Nest.
  9268 | Spider:1 | Entered Level 1 of the Spider Nest
  9475 | Spider:1 | Killed from afar by a jumping spider

Skill      XL: |  1  2  3  4  5  6  7  8  9 10 11 12 |
---------------+-------------------------------------+-----
Dodging        | 3 4 |  4.6
Fighting       | 4 5 6 7 8 9 |  9.9
Maces & Flails | 4 5 6 7 9 11 12 13 | 13.3
Armour         | 1 2 3 4 5 6 7 8 |  8.3
Stealth        | 3 |  3.5
Shields        | 2 4 5 7 8 9 |  9.4
Invocations    | 2 3 4 |  4.8

Action                   |  1- 3 |  4- 6 |  7- 9 | 10-12 || total
-------------------------+-------+-------+-------+-------++-------
Melee: Mace              |   131 |    98 |   239 |       ||   468
       Flail             |       |       |    69 |   475 ||   544
Invok: Upheaval          |       |       |    12 |    14 ||    26
  Use: Scroll            |     7 |     4 |     8 |     8 ||    27
       Potion            |     1 |     2 |     5 |     5 ||    13
 Stab: Sleeping          |     1 |       |       |       ||     1
  Eat: Bread ration      |     1 |     1 |     1 |       ||     3
       Royal jelly       |       |       |     1 |       ||     1
       Fruit             |       |       |       |     9 ||     9
       Chunk             |       |       |       |     6 ||     6
       Meat ration       |       |       |       |     1 ||     1
Armor: Skin              |    28 |       |       |       ||    28
       Robe              |    67 |       |       |       ||    67
       Scale mail        |    19 |    44 |    22 |       ||    85
       Plate armour      |       |       |   161 |       ||   161
       Chain mail        |       |       |       |   285 ||   285
Dodge: Dodged            |   159 |    64 |    83 |   177 ||   483
Block: Buckler           |       |    15 |    88 |   249 ||   352
       Shield            |       |       |    83 |       ||    83
